 Dungeon Crawl Stone Soup version 0.31-a0-208-gdb31a4691d (webtiles) character file.

Game seed: 12769089953505108655

45 ketsa the Vexing (level 3, -2/24 HPs)
             Began as a Human Wanderer on June 28, 2023.
             Slain by a river rat (5 damage)
             ... on level 3 of the Dungeon.
             The game lasted 00:06:15 (2244 turns).

ketsa the Vexing (Human Wanderer)                   Turns: 2244, Time: 00:06:17

Health: -2/24      AC:  3    Str:  9    XL:     3   Next: 90%
Magic:  4/5        EV: 12    Int: 16    God:
Gold:   48         SH:  0    Dex: 13    Spells: 3/4 levels left

rFire   . . .        a - +0 dagger
rCold   . . .        (no shield)
rNeg    . . .        c - +0 robe
rPois   .            (no helmet)
rElec   .            (no cloak)
rCorr   .            (no gloves)
SInv    .            d - +0 pair of boots
Will    .....        (no amulet)
Stlth   +            (no ring)
HPRegen 0.24/turn    (no ring)
MPRegen 0.09/turn

%: no passive effects
@: no status effects
A: no striking features
a: no special abilities


You were on level 3 of the Dungeon.
You visited 1 branch of the dungeon, and saw 3 of its levels.

You collected 48 gold pieces.

Inventory:

Hand Weapons
 a - a +0 dagger (weapon)
Missiles
 i - 4 poisoned darts
Armour
 c - a +0 robe (worn)
 d - a +0 pair of boots (worn)
Scrolls
 e - a scroll of teleportation {unknown}
 f - a scroll of identify {unknown}
 g - a scroll of silence {unknown}
 h - a scroll of enchant weapon {unknown}
Potions
 b - a potion of lignification
 j - a potion of ambrosia {unknown}
 k - a potion of curing {unknown}
 l - 2 potions of invisibility {unknown}
 m - a potion of attraction {unknown}
 n - a potion of brilliance {unknown}


   Skills:
 * Level 1.1 Short Blades
 + Level 1.7 Throwing
 - Level 1.0 Armour
 + Level 2.3 Dodging
 + Level 1.4 Spellcasting
 + Level 4.2 Hexes
 + Level 1.4 Necromancy


You had 3 spell levels left.
You knew the following spells:

 Your Spells              Type           Power      Damage    Failure   Level
a - Slow                  Hex            56%        N/A       3%          1

Your spell library contained the following spells:

 Spells                   Type           Power      Damage    Failure   Level
 Sublimation of Blood     Necr           5%         N/A       19%         2
 Freeze                   Ice            4%         1d3       22%         1
 Summon Small Mammal      Summ           4%         N/A       22%         1
 Cigotuvi's Dreadful Rot  Necr/Pois/Air  4%         N/A       28%         2
 Summon Guardian Golem    Hex/Summ       7%         N/A       28%         3
 Call Canine Familiar     Summ           1%         N/A       54%         3
 Frozen Ramparts          Ice            2%         1d1       54%         3
 Hailstorm                Conj/Ice       1%         3d3       54%         3
 Fulminant Prism          Conj/Hex       3%         3d5       67%         4
 Orb of Destruction       Conj           0%         9d5       100%        7
 Spellforged Servitor     Conj/Summ      0%         N/A       100%        7


Dungeon Overview and Level Annotations

Branches:
Dungeon (3/15)

Altars:

Shops:
D:2 :

Portals:
Sewer: D:3

Annotations:
D:2 1 runed translucent door, Crazy Yiuf, Jessica, Sigmund


Message History

The river rat bites you but does no damage.
You hit the river rat but do no damage.
The river rat is moderately wounded.
The river rat barely misses you.
You hit the river rat but do no damage.
The river rat is moderately wounded.
The river rat bites you but does no damage.
You hit the river rat but do no damage.
The river rat is moderately wounded.
The river rat misses you.
Casting: Slow (safe; 3% risk of failure)
Confirm with . or Enter, or press ? or * to list all spells.
Aiming: Slow (safe; 3% risk of failure)
Press: ? - help, Shift-Dir - straight line, f/p - river rat
Aim: a river rat (moderately wounded, chance to affect: 56%)
The river rat seems to slow down.
The river rat barely misses you.
You barely miss the river rat.
The river rat is moderately wounded.
You hear the slow rusting of a drain.
You barely miss the river rat.
The river rat is moderately wounded.
The river rat bites you.
You hit the river rat but do no damage.
The river rat is moderately wounded.
The river rat bites you.
You hit the river rat but do no damage.
The river rat is moderately wounded.
You hit the river rat.
The river rat is heavily wounded.
The river rat bites you!
* * * LOW HITPOINT WARNING * * *
You barely miss the river rat.
The river rat is heavily wounded.
The river rat barely misses you.
You barely miss the river rat.
The river rat is heavily wounded.
You hit the river rat but do no damage.
The river rat is heavily wounded.
The river rat bites you.
You die...

. ....... # #. #~~~~≈#
.## ##~##≈~~~~##...
...≈≈.....~≈.#
#.~~.....~~.#.
.#.~~..∩.......
..$~~.r...~~.#
...≈~..@.~~~.#
##.##≈~~~≈##.# .#
#.##~~~~≈##.# ##.#
#...........# #..
#####.†.##### #.#
##<....## ##.#
##.......## ##..#
#.........####...#####
+.........'.[..[......


You could see a river rat (slow).

Vanquished Creatures
  A worm (D:2)
  A dart slug (D:2)
  5 bats
  3 endoplasms
  3 giant cockroaches
  2 goblins
  3 jackals (D:1)
  A kobold (D:1)
  3 quokkas
  5 ball pythons
  4 frilled lizards (D:1)
  4 rats (D:1)
35 creatures vanquished.

Notes
Turn   | Place    | Note
-------+----------+-------------------------------------------
     0 | D:1      | ketsa the Human Wanderer began the quest for the Orb.
     0 | D:1      | ketsa set off with the following items: a +0 dagger, a
                  | potion of lignification, a +0 robe, a +0 pair of boots; and
                  | the following spell memorised: Slow; and the following
                  | spells available to memorise: Sublimation of Blood,
                  | Cigotuvi's Dreadful Rot, Summon Guardian Golem, Fulminant
                  | Prism.
     0 | D:1      | Reached XP level 1. HP: 13/13 MP: 2/2
   204 | D:1      | Reached XP level 2. HP: 19/19 MP: 1/3
   800 | D:1      | Reached XP level 3. HP: 24/24 MP: 0/4
  1493 | D:2      | Reached skill level 1 in Short Blades
  1494 | D:2      | Noticed Jessica
  1688 | D:2      | Found Luicat's Book Shoppe.
  1710 | D:2      | Found a runed translucent door.
  1710 | D:2      | Found the +6 shillelagh "Devastator" {shatter}
  1711 | D:2      | Noticed Crazy Yiuf
  2065 | D:2      | Noticed Sigmund
  2207 | D:3      | Found a glowing drain.
  2244 | D:3      | Slain by a river rat

Illustrated notes

Levels and vault maps discovered:
D:1:      lemuel_arrival_hallway, layout_loops_corners,
          chequers_serial_rivers_marsh, nicolae_concentric_dashed_squares_mild
D:2:      layout_loops_corners, serial_shops, shop, uniq_sigmund, uniq_jessica,
          uniq_crazy_yiuf_cottage
D:3:      layout_loops_corners, cheibrodos_sewer_entry_sluice,
          dilly_ecumenical_altar_fadedgnrine

Skill      XL: |  1  2  3 |
---------------+----------+-----
Short Blades   | 1 |  1.1
Throwing       | |  1.7
Armour         | |  1.0
Dodging        | |  2.3
Spellcasting   | |  1.4
Hexes          | |  4.2
Necromancy     | |  1.4

Action                     || total
---------------------------++-------
  Melee: Dagger            ||   215
         Punch             ||     1
   Cast: Slow              ||    49
   Stab: Sleeping          ||     1
 Armour: Robe              ||    65
  Dodge: Dodged            ||   146

Table legend: (Time is in decaauts)
 A = Elapsed time spent in this place.
 B = Non-inter-level travel time spent in this place.
 C = Inter-level travel time spent in this place.
 D = Time resting spent in this place.
 E = Time spent auto-exploring this place.
 F = Levels seen in this place.
 G = Mean time per level.
                   A        B        C        D        E       F      G
               +--------+--------+--------+--------+--------+-----+--------+
         Total |   2241 |   2019 |    222 |    296 |    962 |   3 |  747.0 |
       Dungeon |   2241 |   2019 |    222 |    296 |    962 |   3 |  747.0 |
               +--------+--------+--------+--------+--------+-----+--------+

Top non-repeatable levels by time:
     D:1: 1432 daAuts
     D:2: 752 daAuts
     D:3: 56 daAuts
